[Event "ISR-ch Youth 2019"]
[Site "Jerusalem"]
[Date "2019.04.17"]
[Round "8.8"]
[White "Rabinovich, Yoav"]
[Black "Blumenthal, Michael"]
[Result "1-0"]
[ECO "D02"]
[WhiteElo "1081"]
[BlackElo "1277"]
[Annotator "NA"]
[PlyCount "55"]
[EventDate "2019.04.11"]
[EventType "swiss"]
[EventCountry "ISR"]
[SourceTitle "playchess.com"]
[Source "ChessBase"]
[SourceQuality "1"]
[TimeControl "5400+30"]

1. d4 Nf6 2. Nf3 d5 3. Bf4 c5 4. e3 Nc6 5. Nbd2 Bf5 6. Bb5 e6 7. c3 Be7 8. Ne5 Qb6 9. Qa4 Rc8 10. Bg5 O-O 11. Bxf6 Bxf6 12. Nd7 Qc7 13. Nxf8 Rxf8 14. O-O cxd4 15. cxd4 Qd6 16. Bxc6 bxc6 17. Rac1 Rc8 18. Nb3 Bd8 19. Rc3 Bc7 20. f4 Bb8 21. Rfc1 h6 22. Rxc6 Rxc6 23. Rxc6 Qd7 24. Nc5 Qe8 25. Ra6 Qc8 26. Qd7 Qf8 27. Rc6 e5 28. Qxf5 1-0

[Event "ISR-ch Youth 2019"]
[Site "Jerusalem"]
[Date "2019.04.17"]
[Round "8.9"]
[White "Levitan, Ronit"]
[Black "Levin, Emily"]
[Result "1-0"]
[ECO "B22"]
[WhiteElo "2032"]
[BlackElo "1545"]
[Annotator "NA"]
[PlyCount "83"]
[EventDate "2019.04.11"]
[EventType "swiss"]
[EventCountry "ISR"]
[SourceTitle "playchess.com"]
[Source "ChessBase"]
[SourceQuality "1"]
[TimeControl "5400+30"]

1. e4 c5 2. c3 Nf6 3. e5 Nd5 4. d4 cxd4 5. cxd4 d6 6. Nf3 Nc6 7. Bc4 dxe5 8. Nxe5 e6 9. O-O Bd6 10. Nf3 O-O 11. Nc3 Nxc3 {[%emt 0:08:16] LiveBook: 18 Games} 12. bxc3 Qc7 {[%emt 0:00:17] B22: Sicilian: 2 c3} (12... Ne7 13. Bd3 Ng6 14. Qe2 b6 15. Be4 Rb8 16. h4 h6 17. h5 Ne7 18. Ne5 Bb7 19. Bc2 Bxe5 20. dxe5 {1-0 (39) Fressinet,L (2636)-Avrukh,B (2620) playchess.com INT 2004}) 13. Bd3 f5 14. Re1 $146 ({Predecessor:} 14. h3 Kh8 15. Re1 e5 16. dxe5 Nxe5 17. Bb2 Bd7 18. c4 Rae8 19. Nxe5 Bxe5 20. Bxe5 Rxe5 21. Rxe5 Qxe5 {½-½ (41) Muller,R (1402)-Grey,P (2000) San Francisco 2013}) 14... Kh8 15. Qe2 Bd7 16. c4 Bb4 17. Bd2 Bxd2 18. Qxd2 Rae8 19. Qb2 b6 20. Ne5 Nxe5 21. Rxe5 Rf6 22. Rae1 Rg8 23. d5 $14 exd5 24. cxd5 Qd6 25. Qb1 Rgf8 26. Bc2 R6f7 27. Bb3 Rf6 28. Qd1 f4 29. f3 Rg6 30. Bc2 Qc5+ 31. Kh1 Rh6 32. Re7 Qd6 33. Qd4 Rg8 34. Kg1 a5 35. R1e5 Rf6 36. Rh5 h6 37. Qe4 Qc5+ 38. Kh1 Bf5 39. Rxf5 Qa3 40. Rxf6 Qc1+ 41. Qe1 Qxc2 42. Rxh6+ 1-0

[Event "ISR-ch Youth 2019"]
[Site "Jerusalem"]
[Date "2019.04.17"]
[Round "8.10"]
[White "Simchayev, Alexandra"]
[Black "Qasem, Huda"]
[Result "0-1"]
[ECO "B22"]
[WhiteElo "1514"]
[BlackElo "1664"]
[Annotator "NA"]
[PlyCount "96"]
[EventDate "2019.04.11"]
[EventType "swiss"]
[EventCountry "ISR"]
[SourceTitle "playchess.com"]
[Source "ChessBase"]
[SourceQuality "1"]
[TimeControl "5400+30"]

1. e4 c5 2. Nf3 Nc6 3. c3 e5 4. Bb5 Qc7 5. d3 Be7 6. O-O Nf6 7. Re1 a6 8. Ba4 b5 9. Bc2 O-O 10. Bg5 Bb7 11. Nbd2 h6 12. Bxf6 Bxf6 13. Nf1 Ne7 14. Ne3 g6 15. Qd2 Bg5 16. Nxg5 hxg5 17. Ng4 f6 18. Re3 Kg7 19. Rc1 Rh8 20. Rf3 Raf8 21. Qe3 Rh5 22. Rh3 d5 23. d4 exd4 24. cxd4 cxd4 25. Bd1 Qb6 26. Qg3 Rc8 27. Rxc8 Bxc8 28. e5 Bxg4 29. Bxg4 Rxh3 30. Bxh3 Qc6 31. exf6+ Kxf6 32. Qf3+ Kg7 33. Qd1 d3 34. g3 Qc2 35. Bg4 Nc6 36. Qe1 d2 37. Qe2 Qxb2 38. Qd3 Qd4 39. Qxd4+ Nxd4 40. Bd1 b4 41. f3 Nb5 42. Kf2 Nc3 43. Ke3 Nxd1+ 44. Kxd2 Nb2 45. Kc2 Nc4 46. Kb3 a5 47. f4 gxf4 48. gxf4 Kf6 0-1

[Event "ISR-ch Youth 2019"]
[Site "Jerusalem"]
[Date "2019.04.17"]
[Round "8.11"]
[White "Kochavi, Dana"]
[Black "Gadasi, Noam"]
[Result "0-1"]
[ECO "B50"]
[WhiteElo "1293"]
[BlackElo "1653"]
[Annotator "NA"]
[PlyCount "70"]
[EventDate "2019.04.11"]
[EventType "swiss"]
[EventCountry "ISR"]
[SourceTitle "playchess.com"]
[Source "ChessBase"]
[SourceQuality "1"]
[TimeControl "5400+30"]

1. e4 c5 2. Nf3 d6 3. c3 Nf6 4. h3 g6 5. Bd3 Bg7 6. Bc2 Nc6 7. O-O O-O 8. d4 cxd4 9. cxd4 Nb4 10. Bb3 d5 11. e5 Ne4 12. Nc3 Nxc3 13. bxc3 Nc6 14. Nh2 b6 15. Ng4 Na5 16. Bc2 Qc7 17. Nh6+ Bxh6 18. Bxh6 Rd8 19. Qf3 Ba6 20. Rfc1 Rac8 21. Bb1 Qc4 22. Bf5 Rc6 23. h4 gxf5 24. h5 Rxh6 25. Qg3+ Kh8 26. Qg5 Re6 27. Qxf5 Rf8 28. Qg5 Qd3 29. Re1 Rg8 30. Qf4 Qh3 31. g3 Qxh5 32. Re3 Nc4 33. Ree1 Rg5 34. Qc1 Rh6 35. Kf1 Nd2+ 0-1

[Event "ISR-ch Youth 2019"]
[Site "Jerusalem"]
[Date "2019.04.17"]
[Round "8.12"]
[White "Frenkel, Avigail"]
[Black "Shatil, Or"]
[Result "0-1"]
[ECO "B21"]
[WhiteElo "1124"]
[BlackElo "1191"]
[Annotator "NA"]
[PlyCount "148"]
[EventDate "2019.04.11"]
[EventType "swiss"]
[EventCountry "ISR"]
[SourceTitle "playchess.com"]
[Source "ChessBase"]
[SourceQuality "1"]
[TimeControl "5400+30"]

1. e4 c5 2. d4 cxd4 3. c3 dxc3 4. Nxc3 Nc6 5. Nf3 e6 6. Bd3 Nge7 7. O-O Ng6 8. Re1 Be7 9. b3 O-O 10. Bb2 b6 11. Qe2 Nf4 12. Qd1 Nxd3 13. Qxd3 Nb4 14. Qd2 Ba6 15. Ne5 Bf6 16. Nxd7 Bg5 17. f4 Bxf4 18. Qxf4 Qxd7 19. Rad1 Qe7 20. Re3 e5 21. Qg3 Nc2 22. Rf3 Nd4 23. Rf2 Qc5 24. Kh1 Bb7 25. h4 h6 26. Bc1 Kh7 27. Nb1 Qc7 28. Ba3 Rfc8 29. Nd2 Nb5 30. Bb2 f6 31. h5 Qc2 32. Qg6+ Kh8 33. Rb1 Nc3 34. Bxc3 Rxc3 35. Rbf1 Rd3 36. Nc4 Qc3 37. Rf3 Rxf3 38. Rxf3 Qe1+ 39. Kh2 Bxe4 40. Qg4 Bxf3 41. gxf3 Qf2+ 42. Kh3 Qd4 43. Qe6 Rd8 44. Qe7 Qd7+ 45. Qxd7 Rxd7 46. b4 b5 47. Na5 Rd2 48. Kg4 Rxa2 49. Nc6 Kg8 50. Kf5 Kf7 51. Nd8+ Kg8 52. Kg6 Rg2+ 53. Kf5 Rg5+ 54. Ke6 Rxh5 55. Nc6 a6 56. Kd5 Rg5 57. Kd6 h5 58. Kc7 h4 59. Kb6 h3 60. Kxa6 h2 61. Kxb5 h1=Q 62. Ka6 Qxf3 63. b5 Qa3+ 64. Kb7 e4 65. b6 Rb5 66. Nd4 Rb2 67. Kc6 Qa6 68. Kd5 Qxb6 69. Kxe4 Rb4 70. Kf5 Qxd4 71. Ke6 Qe5+ 72. Kd7 Qd5+ 73. Kc7 Rb7+ 74. Kc8 Qd7# 0-1

[Event "ISR-ch Youth 2019"]
[Site "Jerusalem"]
[Date "2019.04.18"]
[Round "9.1"]
[White "Zholti, Alon"]
[Black "Globus, Or"]
[Result "1/2-1/2"]
[ECO "D87"]
[WhiteElo "2023"]
[BlackElo "2346"]
[Annotator "NA RC"]
[PlyCount "107"]
[EventDate "2019.04.11"]
[EventType "swiss"]
[EventCountry "ISR"]
[SourceTitle "playchess.com"]
[Source "ChessBase"]
[SourceQuality "1"]
[TimeControl "5400+30"]

1. d4 Nf6 2. c4 g6 3. Nc3 d5 4. cxd5 Nxd5 5. e4 Nxc3 6. bxc3 Bg7 7. Bc4 c5 8. Ne2 O-O 9. O-O Nc6 10. Be3 b6 11. dxc5 {[%emt 0:01:06] D87: Exchange Grünfeld: Classical Line: Variations without ...cxd4} (11. Rc1 Bb7 12. Qd2 e6 13. Rfd1 Rc8 14. f3 cxd4 15. cxd4 Qd6 16. Bh6 Bxh6 17. Qxh6 Na5 18. Bd3 Rxc1 19. Qxc1 {½-½ (50) Nakamura,H (2746)-Vachier Lagrave,M (2781) London 2018}) 11... Qc7 12. Nd4 Ne5 13. Nb5 Qb8 14. Be2 bxc5 15. f4 {[%emt 0:09:12] [#]} Nd7 $146 ({Predecessor:} 15... Ng4 $5 16. Bxc5 (16. Bxg4 Bxg4 17. Qxg4 Qxb5 $11) 16... a6 $11 17. Na3 Qc7 18. Bd4 e5 19. fxe5 Nxe5 {½-½ (31) Wang,Y (2679)-Xu,X (2581) Hangzhou 2018}) 16. Rb1 a6 17. Na3 Qc7 18. Qc2 Bb7 19. Nc4 Rab8 20. Rfd1 Bc6 21. a4 Rxb1 22. Rxb1 Rb8 23. Rxb8+ Qxb8 24. Na5 Ba8 25. Qd3 Qc7 26. Nc4 Qc6 27. a5 Qxe4 28. Qxe4 Bxe4 29. Nb6 Nb8 30. Na4 Bc6 31. Nxc5 Bxc3 32. Nxa6 Nxa6 33. Bxa6 Bxa5 34. Bc4 Bc3 35. Kf2 Kg7 36. g4 h6 37. h4 e6 38. g5 h5 39. Bc5 $15 Bd5 40. Bd3 f6 41. Be7 fxg5 42. Bxg5 Kf7 43. Bc2 Bd4+ 44. Kg3 Bh1 45. Bd3 Bc6 46. Bc2 Bd5 47. Bd3 Bb3 48. Bb1 Bd1 49. Bd3 Bg4 50. Be4 Bf5 51. Bc6 Bg4 52. Be4 Bc3 53. Kf2 Bd2 54. Bd3 1/2-1/2

[Event "ISR-ch Youth 2019"]
[Site "Jerusalem"]
[Date "2019.04.18"]
[Round "9.2"]
[White "Milikow, Yoav"]
[Black "Solomon, Asif"]
[Result "1/2-1/2"]
[ECO "E73"]
[WhiteElo "2256"]
[BlackElo "2126"]
[Annotator "RC"]
[PlyCount "86"]
[EventDate "2019.04.11"]
[EventType "swiss"]
[EventCountry "ISR"]
[SourceTitle "playchess.com"]
[Source "ChessBase"]
[SourceQuality "1"]
[TimeControl "5400+30"]

1. d4 Nf6 2. c4 g6 3. Nc3 Bg7 4. e4 d6 5. Be2 O-O 6. Be3 c5 7. d5 e6 8. Nf3 exd5 9. cxd5 Bg4 10. Nd2 Bxe2 11. Qxe2 a6 12. a4 Nbd7 13. O-O Nh5 14. g4 Nhf6 15. f4 Qc7 16. Rae1 Rfe8 17. Bf2 b5 18. axb5 axb5 19. Nxb5 Qb6 20. Na3 Qxb2 21. Nac4 Qb8 22. Qf3 Nb6 23. Nxb6 Qxb6 24. e5 dxe5 25. fxe5 Nd7 26. Bg3 Rf8 27. Nc4 Qb4 28. Qd3 Nb6 29. Rf4 Bh6 30. Rfe4 Nxc4 31. Rxc4 Ra3 32. Qe4 Qd2 33. Bf2 f5 34. Qe2 Qxd5 35. Bxc5 Re3 36. Bxe3 Bxe3+ 37. Qxe3 Qxc4 38. gxf5 Rxf5 39. e6 Qd5 40. h4 Rf3 41. Qe5 Qxe5 42. Rxe5 Kf8 43. Ra5 Ke7 1/2-1/2

[Event "ISR-ch Youth 2019"]
[Site "Jerusalem"]
[Date "2019.04.18"]
[Round "9.4"]
[White "Mizrahi, Ido"]
[Black "Levin, Guy"]
[Result "0-1"]
[ECO "A25"]
[WhiteElo "1957"]
[BlackElo "2059"]
[Annotator "NA RC"]
[PlyCount "82"]
[EventDate "2019.04.11"]
[EventType "swiss"]
[EventCountry "ISR"]
[SourceTitle "playchess.com"]
[Source "ChessBase"]
[SourceQuality "1"]
[TimeControl "5400+30"]

1. c4 e5 2. g3 Nf6 3. Bg2 Nc6 4. Nc3 Bb4 5. Nd5 Bc5 6. a3 Nxd5 {[%emt 0:00:32] A25: English Opening vs King's Indian with ...Nc6 but without early d3} (6... a5 7. e3 d6 8. Ne2 O-O 9. O-O Ba7 10. Nxf6+ Qxf6 11. Nc3 Qd8 12. Qc2 Ne7 13. f4 c6 14. f5 {0-1 (24) Lopez Martinez,J (2555)-Balogh,C (2632) Barcelona 2013}) 7. cxd5 Ne7 8. e3 c6 $146 ({Predecessor:} 8... d6 9. Ne2 Bg4 10. h3 Bxe2 11. Qxe2 O-O 12. b4 Bb6 13. Bb2 a5 14. b5 a4 {½-½ (33) Muzychuk,M (2521)-Zhang,X (1946) Jiangmen 2018}) 9. b4 Bd6 10. dxc6 dxc6 11. Bb2 O-O 12. Ne2 a5 13. bxa5 (13. O-O $11) 13... Qxa5 14. O-O Qb5 15. Rb1 Qd3 16. Rc1 Bg4 17. f3 Be6 18. Rc3 Qb5 19. Bc1 Nd5 20. Rb3 Qa6 21. Nc3 Nb6 22. Rb1 Nc4 23. Ne4 Be7 24. a4 Rfd8 25. Qc2 f5 ({Black should try} 25... Rd7 $17 26. d3 Na3 27. Bxa3 Bxa3) 26. Nc3 Rab8 27. Rd1 {[%emt 0:04:16] [#]} b5 $1 28. axb5 cxb5 29. d3 Na5 $19 30. Bd2 b4 31. Ne2 Qxd3 32. Qc7 Qxe2 33. Qxe7 Bb3 34. Bf1 Qxf3 35. Bg2 Qh5 36. Re1 Rxd2 37. Qxe5 Nc6 38. Qc5 Rc2 39. Qd6 Rd8 40. Qc7 Rxg2+ 41. Kxg2 Rd2+ 0-1

[Event "ISR-ch Youth 2019"]
[Site "Jerusalem"]
[Date "2019.04.18"]
[Round "9.5"]
[White "Khatib, Mahmood"]
[Black "Cohen, Elad"]
[Result "1/2-1/2"]
[ECO "D41"]
[WhiteElo "1604"]
[BlackElo "1828"]
[Annotator "NA RC"]
[PlyCount "123"]
[EventDate "2019.04.11"]
[EventType "swiss"]
[EventCountry "ISR"]
[SourceTitle "playchess.com"]
[Source "ChessBase"]
[SourceQuality "1"]
[TimeControl "5400+30"]

1. d4 Nf6 2. Nf3 d5 3. c4 e6 4. Nc3 c5 5. cxd5 Nxd5 6. e4 Nxc3 7. bxc3 cxd4 8. cxd4 Bb4+ 9. Bd2 Bxd2+ 10. Qxd2 O-O 11. Be2 b6 12. O-O Bb7 13. Qe3 Nd7 14. h3 {[%emt 1:29:57] D41: Queen's Gambit Declined: Semi-Tarrasch with 5 cxd5} (14. Rfd1 Qe7 15. a4 Rab8 16. a5 b5 17. d5 exd5 18. a6 Ba8 19. Qxa7 Rfd8 20. e5 b4 21. Rac1 b3 {½-½ (44) Lenic,L (2650)-Hera,I (2616) Hungary 2017}) 14... Nf6 15. Bd3 Rc8 $146 ({Predecessor:} 15... Qe7 16. Rfd1 Rac8 17. Rac1 Rxc1 18. Rxc1 Rc8 19. Rxc8+ Bxc8 20. Qf4 h6 21. Qc1 Bb7 {0-1 (40) Dinser,H (2130)-Basciu,S (2145) Imperia 2000}) 16. Rad1 Rc3 17. Qd2 Qc7 18. Rfe1 Rc8 19. Re3 Rc1 20. Rde1 Qc3 21. Rxc1 Qxc1+ 22. Qe1 Qxe1+ 23. Rxe1 Rc3 24. Bb1 b5 25. Nd2 Nd7 26. Nb3 Kf8 27. Re3 Rxe3 28. fxe3 e5 29. Kf2 Ke7 30. Bd3 a6 31. Ke2 Kd6 32. Kd2 Kc7 33. Kc3 Kb6 34. Kb4 Ba8 35. d5 f5 36. exf5 Bxd5 37. e4 Bxb3 38. axb3 a5+ 39. Kc3 Kc5 40. Bc2 b4+ 41. Kd3 Nb8 42. g4 h6 43. h4 Nc6 (43... Nd7 $11 {remains equal.}) 44. g5 hxg5 45. hxg5 Ne7 {[%emt 0:00:00] [#]} 46. Bd1 $18 ({Less strong is} 46. f6 gxf6 47. gxf6 Ng6 $14) 46... Kd6 47. Kc4 g6 48. f6 Nc6 49. Kb5 Nd4+ 50. Kxa5 Ne6 51. Kxb4 Nxg5 52. Kc4 Nxe4 53. f7 Ke7 54. Bc2 Nd6+ 55. Kd5 Nxf7 56. Bxg6 Nd6 57. Kxe5 Kd7 58. Kd5 Kc7 59. Bd3 Nb7 60. b4 Kb6 61. Kc4 Nd6+ 62. Kd4 1/2-1/2

[Event "ISR-ch Youth 2019"]
[Site "Jerusalem"]
[Date "2019.04.18"]
[Round "9.7"]
[White "Rabinovich, Yoav"]
[Black "Ribstein, Orel"]
[Result "1/2-1/2"]
[ECO "A41"]
[WhiteElo "1081"]
[BlackElo "1708"]
[Annotator "NA RC"]
[PlyCount "173"]
[EventDate "2019.04.11"]
[EventType "swiss"]
[EventCountry "ISR"]
[SourceTitle "playchess.com"]
[Source "ChessBase"]
[SourceQuality "1"]
[TimeControl "5400+30"]

1. d4 d6 2. Nf3 g6 3. Bf4 Bg7 4. e3 Nd7 5. Bc4 e5 6. Bg5 Ngf6 7. O-O O-O 8. Nc3 h6 9. Bh4 Re8 10. Nd5 c6 11. Nc3 e4 12. Nd2 d5 13. Be2 Nf8 14. Na4 g5 15. Bg3 Ng6 16. c4 dxc4 17. Bxc4 b5 18. Bb3 bxa4 19. Bxa4 Bd7 20. Rc1 Rc8 21. Nc4 Bf8 22. h3 g4 23. h4 Nh5 24. Bd6 Qxh4 25. g3 Qf6 26. Be5 Qd8 27. Bc2 Bf5 28. Kg2 f6 29. Bf4 Nhxf4+ 30. gxf4 Nh4+ 31. Kg3 Nf3 32. Rh1 Qd7 33. Bb3 Be6 34. Qc2 Qh7 35. Rh5 Bf7 36. Ra5 h5 37. Rh1 h4+ 38. Kxg4 Be6+ 39. f5 Qg6+ 40. Kh3 Bxf5+ 41. Rxf5 Qxf5+ 42. Kg2 Qg4+ 43. Kf1 Kh8 44. Qd1 h3 45. d5 Rcd8 46. d6 Nh2+ 47. Rxh2 Qxd1+ 48. Bxd1 Bxd6 49. Rxh3+ Kg7 50. Bc2 f5 51. Rh1 Bc7 52. Ba4 Re6 53. Bb3 Rh6 54. Rg1+ Rg6 55. Rxg6+ Kxg6 56. Ba4 c5 57. Ke2 Kg5 58. f3 exf3+ 59. Kxf3 Rf8 60. Bc6 f4 61. e4 Rh8 62. e5 Rh6 63. Bd7 Rh1 64. e6 Kf6 65. Nd2 Rh3+ 66. Kg2 Re3 67. Kf2 Ke7 68. Nb3 Bd6 69. Na5 Rd3 70. Ke2 Rh3 71. Nc6+ Kf6 72. Nxa7 Rh2+ 73. Kf3 Rxb2 74. Nb5 Bb8 75. Nc3 Ke7 76. Nd5+ Kd8 77. Nc3 Be5 78. Na4 Rc2 79. Nb6 Rxa2 80. Nd5 Ra3+ 81. Ke4 f3 82. Kxe5 f2 83. Bb5 Ra7 84. e7+ Rxe7+ 85. Nxe7 Kxe7 86. Kd5 c4 87. Bxc4 1/2-1/2

[Event "ISR-ch Youth 2019"]
[Site "Jerusalem"]
[Date "2019.04.18"]
[Round "9.8"]
[White "Blumenthal, Michael"]
[Black "Viks, Ido"]
[Result "1-0"]
[ECO "B78"]
[WhiteElo "1277"]
[BlackElo "1137"]
[Annotator "NA RC"]
[PlyCount "61"]
[EventDate "2019.04.11"]
[EventType "swiss"]
[EventCountry "ISR"]
[SourceTitle "playchess.com"]
[Source "ChessBase"]
[SourceQuality "1"]
[TimeControl "5400+30"]

1. e4 c5 2. Nf3 Nc6 3. d4 cxd4 4. Nxd4 g6 5. Nc3 Bg7 6. Be3 Nf6 7. Bc4 O-O 8. Bb3 d6 9. f3 Bd7 10. Qd2 Rc8 11. g4 h5 12. gxh5 Nxh5 13. h4 Na5 14. O-O-O Nc4 15. Bxc4 Rxc4 16. Rhg1 Kh7 17. Rg5 Rh8 18. Rxh5+ gxh5 19. Rg1 e6 20. Qd3 Rc8 21. Bg5 Qf8 22. e5+ Kg8 23. Ne4 f6 24. exf6 Kf7 25. fxg7 Qxg7 26. Nxd6+ Kf8 27. Nxc8 Bxc8 28. Nxe6+ Bxe6 29. Qd8+ Kf7 30. Qe7+ Kg8 31. Be3 1-0

[Event "ISR-ch Youth 2019"]
[Site "Jerusalem"]
[Date "2019.04.18"]
[Round "9.9"]
[White "Vetshtein, Lior"]
[Black "Sadka Darrell, Daria"]
[Result "0-1"]
[ECO "C50"]
[WhiteElo "1622"]
[BlackElo "1451"]
[Annotator "NA RC"]
[PlyCount "63"]
[EventDate "2019.04.11"]
[EventType "swiss"]
[EventCountry "ISR"]
[SourceTitle "playchess.com"]
[Source "ChessBase"]
[SourceQuality "1"]
[TimeControl "5400+30"]

1. e4 e5 2. Nf3 d6 3. Bc4 Be7 4. Nc3 Nc6 5. d4 Nf6 6. h3 exd4 7. Nxd4 Ne5 8. Be2 d5 9. Bf4 Ng6 10. Bg3 O-O 11. e5 Ne4 12. Nxe4 dxe4 13. O-O Bc5 14. Nb5 Qg5 15. Kh2 Qe7 16. Nc3 Nxe5 17. Nxe4 Bb6 18. Nc3 Rd8 19. Qc1 Bd4 20. Qf4 Ng6 21. Qxc7 Rd7 22. Qc4 Ne5 23. Bxe5 Bxe5+ 24. Kh1 Rd4 25. Qb3 Be6 26. Qb5 Bf5 27. Rae1 Rb4 28. Nd5 Qe6 29. Nxb4 Bxh3 30. Bf3 Bxg2+ 31. Kxg2 Qg6+ 32. Kh3 0-1

[Event "ISR-ch Youth 2019"]
[Site "Jerusalem"]
[Date "2019.04.18"]
[Round "9.10"]
[White "Qasem, Huda"]
[Black "Adlen, Noya"]
[Result "1-0"]
[ECO "A04"]
[WhiteElo "1664"]
[BlackElo "1253"]
[Annotator "NA RC"]
[PlyCount "73"]
[EventDate "2019.04.11"]
[EventType "swiss"]
[EventCountry "ISR"]
[SourceTitle "playchess.com"]
[Source "ChessBase"]
[SourceQuality "1"]
[TimeControl "5400+30"]

1. Nf3 d6 2. g3 e5 3. d3 h6 4. Bg2 Nf6 5. e4 Nc6 6. c3 a5 7. a4 Be7 8. Nbd2 Bg4 9. h3 Be6 10. Qe2 d5 11. O-O Bd6 12. d4 dxe4 13. Nxe4 O-O 14. dxe5 Nxe5 15. Nxe5 Bxe5 16. Nc5 Bd6 17. Nxb7 Qd7 18. Nxd6 cxd6 19. Bxa8 Rxa8 20. h4 Qc6 21. Re1 Bh3 22. f3 Re8 23. Be3 Ng4 24. fxg4 Rxe3 25. Qf2 Rxe1+ 26. Rxe1 Qxa4 27. Qd4 Qc6 28. Re2 Qf3 29. Re8+ Kh7 30. Qe4+ Qxe4 31. Rxe4 g6 32. Rf4 Kg7 33. Kh2 Bxg4 34. Rxg4 f5 35. Ra4 Kf6 36. Rxa5 g5 37. b4 1-0

[Event "ISR-ch Youth 2019"]
[Site "Jerusalem"]
[Date "2019.04.18"]
[Round "9.11"]
[White "Gallily, Maya"]
[Black "Gadasi, Noam"]
[Result "0-1"]
[ECO "E21"]
[WhiteElo "1028"]
[BlackElo "1653"]
[Annotator "NA RC"]
[PlyCount "88"]
[EventDate "2019.04.11"]
[EventType "swiss"]
[EventCountry "ISR"]
[SourceTitle "playchess.com"]
[Source "ChessBase"]
[SourceQuality "1"]
[TimeControl "5400+30"]

1. d4 Nf6 2. c4 e6 3. Nc3 Bb4 4. Bd2 b6 5. Nf3 Bb7 6. e3 O-O 7. a3 Bxc3 8. Bxc3 d5 9. Be2 Ne4 10. Rc1 Nd7 11. c5 bxc5 12. dxc5 c6 13. Bd4 f6 14. b4 a5 15. O-O axb4 16. axb4 Ba6 17. Bxa6 Rxa6 18. Nd2 Nxd2 19. Qxd2 Qc7 20. g3 Rfa8 21. Ra1 Rxa1 22. Rxa1 Rxa1+ 23. Bxa1 Qa7 24. Qc3 Ne5 25. f4 Nc4 26. Bb2 Qa2 27. Ba1 Qe2 28. g4 Nxe3 29. Qxe3 Qxe3+ 30. Kg2 Qe2+ 31. Kg3 Qe1+ 32. Kh3 Qxa1 33. b5 cxb5 34. c6 Qc3+ 35. Kh4 Qxc6 36. f5 exf5 37. gxf5 b4 38. Kh5 b3 39. h4 b2 40. Kg4 b1=Q 41. Kg3 Qc4 42. h5 Qbd3+ 43. Kh2 Qcc2+ 44. Kg1 Qdd1# 0-1